Map: Ice and Chrome LE

Players

MarineLorD

  • Race: Terran Terran
  • Spawn Location: 1:00

Denver - Winner!

  • Race: Zerg Zerg
  • League: Master
  • Spawn Location: 7:00

Event: DreamHack SC2 Masters 2020 Summer Europe

VOD

Have the link to the VOD?

Description

Time

  • Played on: July 8, 2020, 12:59 p.m.
  • Length: 5:05

All games in this series

Show
View Real Time Build Order
Export as new Build Order

MarineLorD Terran 

Build Orders: Reaper Expand 

Get SALT Encoding   

  12  0:00  SCV  
  13  0:12  SCV  
  14  0:17  Supply Depot  
  14  0:24  SCV  
  15  0:40  Barracks  
  15  0:54  Barracks  
  15  1:02  SCV  
  16  1:11  Refinery  
  16  1:12  Supply Depot  
  16  1:16  SCV  
  17  1:28  Marine  
  17  1:30  Orbital Command  
  17  1:46  Marine  
  17  1:57  Command Center  
  17  1:58  SCV  
  18  2:04  Reaper  
  19  2:11  SCV  
  20  2:17  Supply Depot  
  20  2:23  SCV  
  21  2:35  SCV  
  22  2:42  Factory  
  22  2:47  SCV  
  22  2:59  SCV  
  23  3:11  SCV  
  23  3:13  Orbital Command  
  22  3:23  Command Center  
  22  3:26  Refinery  
  22  3:28  SCV  
  23  3:40  SCV x2  
  25  3:46  Factory Reactor  
  25  3:47  Starport, Marine  
  26  3:52  SCV x2  
  28  4:04  Orbital Command, SCV  
  29  4:11  Marine  
  29  4:16  SCV  
  31  4:22  Hellion x2  
  35  4:27  Fusion Core  
  35  4:28  SCV  
  36  4:32  SCV  
  37  4:40  SCV  
  37  4:45  Starport  
  38  4:46  Starport Tech Lab  
  38  4:49  SCV  
  38  4:52  SCV  
Show
View Real Time Build Order
Export as new Build Order

Denver Zerg - Winner!

Build Orders: Hatch First 

Get SALT Encoding   

  12  0:00  Drone  
  13  0:13  Overlord  
  13  0:18  Drone  
  14  0:31  Drone x2  
  16  0:48  Hatchery  
  15  0:52  Drone  
  15  0:56  Drone  
  17  1:00  Drone  
  18  1:16  Spawning Pool  
  17  1:20  Drone  
  18  1:34  Drone  
  19  1:46  Drone  
  20  1:54  Extractor  
  19  2:03  Queen x2  
  19  2:04  Zergling x4  
  19  2:05  Zergling x2  
  26  2:09  Zergling x2  
  26  2:14  Overlord  
  27  2:20  Drone  
  28  2:34  Drone x3  
  31  2:39  Queen  
  33  2:44  Overlord  
  33  2:49  Drone  
  33  2:51  Drone  
  35  2:57  Drone  
  33  3:12  Drone  
  33  3:13  Drone x5  
  33  3:14  Metabolic Boost  
  33  3:19  Drone  
  39  3:28  Hatchery  
  38  3:37  Baneling Nest, Zergling x4  
  38  3:38  Zergling x2  
  38  3:40  Zergling x2  
  41  3:46  Zergling x2  
  41  3:47  Overlord  
  42  3:51  Zergling x4  
  44  4:04  Overlord  
  44  4:07  Zergling x8  
  48  4:14  Overlord  
  48  4:17  Zergling x2  
  48  4:18  Zergling x6  
  52  4:24  Zergling x8  
  52  4:30  Baneling x6  
  56  4:35  Zergling x4  
  57  4:42  Zergling x4  
  57  4:45  Zergling x2  
Tags
 
Add a new tag
Caveats
  • Supply blocks, unpowered buildings, or Contaminate may cause inaccurate times.
  • Supply counts are checked every 10 seconds.